 Dungeon Crawl Stone Soup version 0.31.0-9-g3a7656b989 (webtiles) character file.

Game seed: 11792893349904288372

4607 qw the Nimble (level 10, -1/39 (49) HPs)
             Began as a Spriggan Hunter on Feb 2, 2024.
             Was a High Priest of Okawaru.
             Slain by a wight
             ... wielding a +2 trident
              (2 damage)
             ... on level 8 of the Dungeon.
             The game lasted 00:00:43 (7538 turns).

qw the Nimble (Spriggan Hunter)                     Turns: 7538, Time: 00:00:43

HP:   -1/39 (49)    AC:  4    Str:  7    XL:     10   Next: 19%
MP:   16/16         EV: 27    Int: 11    God:    Okawaru [*****.]
Gold: 40            SH:  5    Dex: 23    Spells: 9/9 levels left

rFire   . . .        a - +2 shortbow (freeze)
rCold   . . .        (shield currently unavailable)
rNeg    . . .        c - +0 robe
rPois   .            j - +2 hat
rElec   .            (no cloak)
rCorr   +            (gloves unavailable)
SInv    +            (boots unavailable)
Will    ++...        e - amulet of reflection
Stlth   ++           h - ring of resist corrosion
HPRegen 0.26/turn    n - ring of willpower
MPRegen 0.15/turn

%: reflection
@: lethally poisoned (-1 -> -11), heavily drained, very quick
A: very small, no large weapons, unfitting armour, see invisible, speed 3
a: Renounce Religion, Heroism, Finesse, Duel


You were on level 8 of the Dungeon.
You worshipped Okawaru.
Okawaru was extremely pleased with you.
You visited 2 branches of the dungeon, and saw 9 of its levels.
You also visited: Ossuary.

You collected 447 gold pieces.
You spent 407 gold pieces at shops.


Innate Abilities, Weirdness & Mutations

You are very small and have problems with some larger weapons.
You are too small for most types of armour.
You have supernaturally acute eyesight. (SInv)
You cover ground extremely quickly. (Speed+++)


   Skills:
 - Level 4.0 Fighting
 - Level 10.0 Ranged Weapons
 + Level 10.8 Dodging
 - Level 1.5 Stealth
 + Level 7.4 Invocations


You had 9 spell levels left.
You didn't know any spells.
Your spell library was empty.

Inventory:

Hand Weapons
 a - a +2 shortbow of freezing (weapon)
Armour
 c - a +0 robe (worn)
 j - a +2 hat (worn)
Jewellery
 e - an amulet of reflection (around neck)
 h - a ring of resist corrosion (left hand)
 n - a ring of willpower (right hand)
Wands
 d - a wand of polymorph (10)
 i - a wand of paralysis (5)
 o - a wand of iceblast (6)
Scrolls
 g - a scroll of identify
Potions
 b - 2 potions of curing
 f - 3 potions of might
 m - a potion of haste
 p - a potion of enlightenment
 q - a potion of magic
 r - a potion of resistance

Dungeon Overview and Level Annotations

Branches:
Dungeon (8/15)             Temple (1/1) D:6         Ossuary (visited)
   Lair: D:8-11

Altars:
Ashenzari
Dithmenos
Elyvilon
Fedhas
Gozag
Hepliaklqana
Kikubaaqudgha
Makhleb
Okawaru
Qazlal
Ru
Sif Muna
Trog
Uskayaw
Wu Jian
Xom
The Shining One

Shops:
D:8 !


Message History

The arrow freezes the steam dragon.
The steam dragon is moderately wounded.
You feel very sick. You block the killer bee's attack.
The killer bee completely misses you. x3
The orc completely misses you. The wight misses you. x3
The steam dragon misses you. The steam dragon completely misses you.
The wight hits you with a +0 short sword.
You shoot an arrow. The arrow hits the steam dragon!
The arrow freezes the steam dragon.
The steam dragon is severely wounded.
You feel sick. The killer bee completely misses you. The killer bee misses you.
The killer bee closely misses you. The killer bee misses you.
The orc closely misses you. You block the wight's attack.
The wight barely misses you. The wight completely misses you.
The steam dragon completely misses you. x2; The wight completely misses you.
You shoot an arrow. The arrow hits the steam dragon!
The arrow freezes the steam dragon.
The steam dragon is almost dead.
You feel sick. You block the killer bee's attack. The killer bee misses you.
The killer bee closely misses you. The killer bee completely misses you.
The wight barely misses you. The wight completely misses you.
The wight hits you from afar with a +2 trident!
You feel drained. The orc closely misses you. The steam dragon bites you.
The steam dragon misses you.
You shoot an arrow.
The arrow completely misses the steam dragon.
You feel sick. The killer bee completely misses you.
The killer bee barely misses you. The wight misses you.
You shoot an arrow. The arrow hits the steam dragon!
The arrow freezes the steam dragon.
You kill the steam dragon!
Okawaru accepts your kill.
The steam dragon scales are intact enough to wear.
You feel sick. The killer bee completely misses you. The killer bee stings you.
You are lethally poisoned!
The killer bee poisons you! The orc hits you but does no damage.
You block the wight's attack. The wight misses you.
The wight hits you from afar with a +2 trident.
You feel drained.
You die...

#....#
####.#.....#.....#
#....#
....#...#......#
#....#
.....#.#.......#
#'####
...............#
...[#
.....#.........#
~.~.#
....##...#.o...#
.\..#
.....#zoo#(o...#
~.~.#
.....'yz[#oz...#
....#
..#y@o#z....#
#####
.##zz.#.....#
#z..#.....#
......#.$...#
.z......#)....#
........#.....#
........#
...$....'
........#


You could see 2 killer bees, 5 wights and 3 orcs.

Vanquished Creatures
  A two-headed ogre (D:5)
  3 centaur zombies
  A centaur skeleton (D:7)
  A hornet (D:5)
  A hellwing (D:7)
  A steam dragon (D:8)
  Edmund (D:6)
  3 water moccasins
  A sky beast (D:8)
  An ice beast (D:8)
  A black bear (D:5)
  A centaur (D:6)
  2 phantoms (D:6)
  3 elf zombies (Ossuary)
  2 bullfrogs
  A gnoll sergeant (D:7)
  3 scorpions
  A wight (D:8)
  2 killer bees (D:8)
  3 human zombies (Ossuary)
  2 quasits (D:6)
  5 jellies
  An orc priest (D:4)
  A hound (D:4)
  5 orc wizards
  2 iguanas (D:7)
  2 crocodile zombies (Ossuary)
  A scorpion simulacrum (Ossuary)
  3 mummies (Ossuary)
  7 gnolls (D:7)
  5 adders
  5 hound simulacra (Ossuary)
  5 shadow imps
  A white imp (D:7)
  3 ufetubi
  A spectral adder (Ossuary)
  4 spectral gnolls (Ossuary)
  5 dart slugs
  3 ribbon worms
  3 adder simulacra (Ossuary)
  32 orcs
  9 ball pythons
  5 bats
  8 endoplasms
  3 giant cockroaches
  11 goblins
  A hobgoblin (D:1)
  2 jackals (D:1)
  8 kobolds
  3 quokkas
  2 frilled lizards (D:1)
  A gnoll simulacrum (Ossuary)
  4 gnoll zombies (Ossuary)
  3 jackal simulacra (Ossuary)
  7 kobold zombies (Ossuary)
  5 orc zombies (Ossuary)
  8 rats
  3 spectral jackals (Ossuary)
212 creatures vanquished.

Notes
Turn   | Place    | Note
-------+----------+-------------------------------------------
     0 | D:1      | qw the Spriggan Hunter began the quest for the Orb.
     0 | D:1      | Reached XP level 1. HP: 10/10 MP: 2/2
     0 | D:1      | 0 ||| qw: Version: 0.3-a-155-g5e7d8dd
     0 | D:1      | 0 ||| qw: Game counter: 2714
     0 | D:1      | 0 ||| qw: Melee chars always use a shield: true
     0 | D:1      | 0 ||| qw: God list: Okawaru
     0 | D:1      | 0 ||| qw: Allow faded altars: false
     0 | D:1      | 0 ||| qw: Do Orc after clearing Dungeon:15 true
     0 | D:1      | 0 ||| qw: Do second Lair branch before Depths: true
     0 | D:1      | 0 ||| qw: Lair rune preference: random
     0 | D:1      | 0 ||| qw: Goals: Normal
     0 | D:1      | 0 ||| PLANNING D:1-11
    19 | D:1      | Reached skill level 3 in Dodging
    61 | D:1      | Reached XP level 2. HP: 14/14 MP: 3/3
   531 | D:1      | Reached XP level 3. HP: 18/18 MP: 4/4
   791 | D:1      | 791 ||| UPGRADING to amulet of reflection.
   796 | D:1      | 796 ||| READING scroll labelled KYGGEA MUIRPH.
   797 | D:1      | 797 ||| READING scroll labelled XURPHI ANIORAF.
   801 | D:1      | 801 ||| READING scroll labelled LUDAOM KUPTEET.
   802 | D:1      | 802 ||| DROPPING scroll of butterflies.
  1056 | D:2      | 1056 ||| FLEEEEING.
  1059 | D:2      | 1059 ||| FLEEEEING.
  1060 | D:2      | 1060 ||| FLEEEEING.
  1061 | D:2      | 1061 ||| FLEEEEING.
  1064 | D:2      | 1064 ||| FLEEEEING.
  1066 | D:2      | 1066 ||| FLEEEEING.
  1067 | D:2      | 1067 ||| FLEEEEING.
  1068 | D:2      | 1068 ||| FLEEEEING.
  1070 | D:2      | 1070 ||| FLEEEEING.
  1542 | D:2      | 1542 ||| UPGRADING to +2 hat.
  1547 | D:2      | 1547 ||| READING scroll of identify.
  1547 | D:2      | 1547 ||| IDENTIFYING fuming silvery potion
  1548 | D:2      | 1548 ||| READING scroll labelled FYKHLUTT ZIDO.
  1549 | D:2      | 1549 ||| READING 2 scrolls labelled TIRIOCK UGHO.
  1550 | D:2      | 1550 ||| READING scroll labelled FOGGIAPR OCLE.
  1551 | D:2      | 1551 ||| DRINKING 2 amethyst potions.
  1552 | D:2      | 1552 ||| DROPPING scroll of immolation.
  1687 | D:3      | Reached XP level 4. HP: 15/22 MP: 5/5
  1789 | D:3      | You fall into a shaft and drop 3 floors!
  1789 | D:6      | Found a hide-covered altar of Uskayaw.
  1798 | D:6      | Found a staircase to the Ecumenical Temple.
  1799 | D:6      | 1799 ||| PLANNING TEMPLE
  1799 | D:6      | 1799 ||| DROPPING ring of wizardry.
  1800 | D:6      | 1800 ||| READING scroll of identify.
  1800 | D:6      | 1800 ||| IDENTIFYING scroll labelled OLIT PAOWODA
  1801 | D:6      | 1801 ||| READING 2 scrolls labelled IDGHAFO OTES.
  1802 | D:6      | 1802 ||| DROPPING scroll of amnesia.
  1803 | D:6      | 1803 ||| DROPPING scroll of fog.
  1812 | Temple   | Entered the Ecumenical Temple
  1813 | Temple   | 1813 ||| PLANNING OKAWARU WORSHIP
  1829 | Temple   | Became a worshipper of Warmaster Okawaru
  1830 | Temple   | 1830 ||| PLANNING D:1-11
  1863 | D:6      | Noticed Edmund
  1864 | D:6      | 1864 ||| DRINKING potion of haste.
  1889 | D:6      | Killed Edmund
  1889 | D:6      | Reached * piety under Okawaru
  1890 | D:6      | Reached skill level 6 in Dodging
  1890 | D:6      | Reached XP level 5. HP: 11/25 MP: 6/6
  1997 | D:6      | 1997 ||| READING scroll labelled EVVINE HOURPH.
  1997 | D:6      | 1997 ||| ENCHANTING +0 shortbow.
  1998 | D:6      | 1998 ||| READING scroll labelled ANOODI SOVI.
  1998 | D:6      | 1998 ||| ENCHANTING +0 shortbow.
  1999 | D:6      | 1999 ||| DRINKING 2 metallic clear potions.
  2000 | D:6      | 2000 ||| DROPPING potion of degeneration.
  2009 | D:5      | Entered Level 5 of the Dungeon
  2086 | D:4      | HP: 6/26 [orc wizard/magic dart (10)]
  2087 | D:4      | 2087 ||| READING scroll of teleportation.
  2090 | D:4      | Reached skill level 1 in Invocations
  2197 | D:4      | Found a burning altar of Makhleb.
  2242 | D:4      | Found a burning altar of Makhleb.
  2302 | D:4      | 2302 ||| READING scroll of enchant weapon.
  2302 | D:4      | 2302 ||| ENCHANTING +1 shortbow.
  2359 | D:4      | Reached XP level 6. HP: 30/30 MP: 6/8
  2516 | D:4      | 2516 ||| READING scroll labelled GADIWA IFU.
  2516 | D:4      | 2516 ||| BRANDING +2 shortbow.
  2605 | D:3      | Found a shimmering altar of Xom.
  2940 | D:3      | Found an opulent altar of Gozag.
  3333 | D:3      | 3333 ||| READING 2 scrolls of identify.
  3333 | D:3      | 3333 ||| IDENTIFYING viscous brown potion
  3334 | D:3      | 3334 ||| READING scroll of identify.
  3334 | D:3      | 3334 ||| IDENTIFYING scroll labelled KOOS REMIFA
  3335 | D:3      | 3335 ||| DROPPING scroll of revelation.
  3890 | D:4      | 3890 ||| DROPPING ring of magical power.
  4049 | D:5      | Reached skill level 3 in Invocations
  4079 | D:5      | Reached XP level 7. HP: 35/35 MP: 10/10
  4205 | D:5      | Reached skill level 6 in Ranged Weapons
  4207 | D:5      | Reached ** piety under Okawaru
  4379 | D:5      | Found a shadowy altar of Dithmenos.
  4558 | D:5      | Noticed a hornet
  4559 | D:5      | 4559 ||| INVOKING Heroism.
  4559 | D:5      | Noticed a two-headed ogre
  4578 | D:5      | Killed a two-headed ogre
  4579 | D:5      | Reached XP level 8. HP: 35/39 MP: 10/13
  4580 | D:5      | Killed a hornet
  4648 | D:6      | 4648 ||| STAIRDANCE
  4656 | D:6      | 4656 ||| STAIRDANCE
  4700 | D:6      | Reached *** piety under Okawaru
  5048 | D:6      | Reached skill level 3 in Fighting
  5052 | D:6      | Found an ancient bone altar of Kikubaaqudgha.
  5277 | D:6      | Reached XP level 9. HP: 40/44 MP: 14/14
  5418 | D:6      | 5418 ||| READING 2 scrolls of identify.
  5418 | D:6      | 5418 ||| IDENTIFYING scroll labelled LUFAUK ACRA APH
  5419 | D:6      | 5419 ||| DROPPING scroll of torment.
  5445 | D:7      | 5445 ||| PLANNING OSSUARY
  5520 | D:7      | 5520 ||| RETREEEEATING.
  5522 | D:7      | 5522 ||| RETREEEEATING.
  5523 | D:7      | 5523 ||| RETREEEEATING.
  5524 | D:7      | 5524 ||| RETREEEEATING.
  5525 | D:7      | 5525 ||| RETREEEEATING.
  5526 | D:7      | 5526 ||| RETREEEEATING.
  5579 | D:7      | Reached skill level 9 in Dodging
  5704 | D:7      | Noticed a hellwing
  5705 | D:7      | 5705 ||| RETREEEEATING.
  5707 | D:7      | 5707 ||| RETREEEEATING.
  5709 | D:7      | 5709 ||| RETREEEEATING.
  5711 | D:7      | 5711 ||| RETREEEEATING.
  5717 | D:7      | 5717 ||| INVOKING Heroism.
  5744 | D:7      | Killed a hellwing
  5745 | D:7      | Reached skill level 9 in Ranged Weapons
  5765 | D:7      | Reached **** piety under Okawaru
  5806 | D:7      | Found a sand-covered staircase.
  5807 | D:7      | 5807 ||| READING scroll of identify.
  5807 | D:7      | 5807 ||| IDENTIFYING 3 smoky inky potions
  5815 | Ossuary  | Entered an ossuary
  5905 | Ossuary  | Reached skill level 6 in Invocations
  6066 | Ossuary  | HP: 8/44 [crocodile zombie (10)]
  6067 | Ossuary  | 6067 ||| READING scroll of teleportation.
  6068 | Ossuary  | 6068 ||| DRINKING 3 potions of heal wounds.
  6399 | Ossuary  | 6399 ||| READING 2 scrolls of identify.
  6399 | Ossuary  | 6399 ||| IDENTIFYING scroll labelled FATHRI DERPHO
  6400 | Ossuary  | 6400 ||| DROPPING scroll of vulnerability.
  6434 | D:7      | 6434 ||| PLANNING D:1-11
  6638 | D:7      | Found a hazy altar of Hepliaklqana.
  6728 | D:7      | HP: 5/45 [centaur warrior zombie (9)]
  6729 | D:7      | 6729 ||| READING scroll of teleportation.
  6730 | D:7      | 6730 ||| DRINKING 3 potions of heal wounds.
  6734 | D:7      | Reached ***** piety under Okawaru
  6735 | D:7      | Reached XP level 10. HP: 30/49 MP: 14/16
  7064 | D:7      | Found a broken altar of Ashenzari.
  7332 | D:7      | 7332 ||| UPGRADING to ring of resist corrosion.
  7333 | D:7      | 7333 ||| UPGRADING to ring of willpower.
  7423 | D:8      | Found Tuschoge's Distillery.
  7428 | D:8      | 7428 ||| BUYING 2 potions of heal wounds (110 gold).
  7428 | D:8      | Bought 2 potions of heal wounds for 110 gold pieces
  7428 | D:8      | 7428 ||| BUYING potion of enlightenment (55 gold).
  7428 | D:8      | Bought a potion of enlightenment for 55 gold pieces
  7428 | D:8      | 7428 ||| BUYING potion of magic (88 gold).
  7428 | D:8      | Bought a potion of magic for 88 gold pieces
  7428 | D:8      | 7428 ||| BUYING potion of might (44 gold).
  7428 | D:8      | Bought a potion of might for 44 gold pieces
  7428 | D:8      | 7428 ||| BUYING potion of resistance (110 gold).
  7428 | D:8      | Bought a potion of resistance for 110 gold pieces
  7480 | D:8      | Found a stormy altar of Qazlal.
  7510 | D:8      | Received a gift from Okawaru
  7512 | D:8      | HP: 9/44 [wight/+5 short sword (6)]
  7513 | D:8      | 7513 ||| READING scroll of teleportation.
  7514 | D:8      | 7514 ||| DRINKING 4 potions of heal wounds.
  7520 | D:8      | 7520 ||| RETREEEEATING.
  7523 | D:8      | 7523 ||| RETREEEEATING.
  7524 | D:8      | HP: 11/45 [killer bee (8)]
  7525 | D:8      | 7525 ||| DRINKING 3 potions of heal wounds.
  7527 | D:8      | 7527 ||| DRINKING 2 potions of heal wounds.
  7531 | D:8      | HP: 11/44 [poisoned by a killer bee]
  7532 | D:8      | 7532 ||| DRINKING potion of heal wounds.
  7536 | D:8      | HP: 9/41 [steam dragon (2)]
  7538 | D:8      | HP: 1/41 [wight/+2 trident (6)]
  7538 | D:8      | Slain by a wight

Levels and vault maps discovered:
D:1:      minmay_arrival_stone_box, layout_basic
D:2:      layout_loops_ring, minmay_randomly_rotated_circles
D:3:      layout_basic, grunt_gozag_breadcrumbs, xom_butterflies, serial_glass,
          glass_columns_a, glass_columns_a, glass_columns_a, glass_columns_a,
          glass_columns_a, glass_columns_b, glass_columns_a, glass_columns_a,
          glass_columns_a, glass_columns_b, minmay_quadrilaterals
D:4:      cheibrodos_pilgrimage, layout_basic, bloody_makhleb,
          kennysheep_decorative_pillar, kennysheep_small_circle
D:5:      layout_loops_ring, grunt_dithmenos_smoke, minmay_small_thing
D:6:      layout_gridville, marbit_many_paths, mainiacjoe_overflow_tiny_flanked,
          minmay_temple_entry_large_hall, serial_demonic, serial_demonic_g,
          serial_demonic_d, serial_demonic_e, serial_demonic_e, uniq_edmund
D:7:      cheibrodos_grave_circle, layout_basic, cheibrodos_ashenzari_chains,
          nicolae_overflow_crystal_walls, chequers_ossuary_entry_cave,
          amcnicky_mini_rare_corridor_liquid
D:8:      layout_gridville, nicolae_qazlal_beasts_of_the_sky, serial_shops,
          kennysheep_little_box
Temple:   nicolae_temple_ecumenical_triangle

Skill      XL: |  1  2  3  4  5  6  7  8  9 |
---------------+----------------------------+-----
Dodging        | 3 4 6 8 10 | 10.8
Ranged Weapons | 5 7 8 10 | 10.0
Invocations    | 1 3 5 7 |  7.4
Fighting       | 2 3 4 |  4.0
Stealth        | |  1.5

Action                     |  1- 3 |  4- 6 |  7- 9 | 10-12 || total
---------------------------+-------+-------+-------+-------++-------
   Fire: Shortbow          |   121 |   168 |   484 |    64 ||   837
 Invoke: Heroism           |       |       |     2 |       ||     2
    Use: Scroll            |     7 |     9 |     5 |     1 ||    22
         Potion            |     1 |     2 |     2 |     4 ||     9
 Armour: Robe              |    14 |    16 |    84 |    30 ||   144
  Dodge: Dodged            |    48 |    47 |   325 |   161 ||   581
  Block: Other             |     8 |    14 |    92 |    22 ||   136
         Reflection        |       |     1 |       |       ||     1

Table legend:
 A = Non-vault XP
 B = Vault XP
 C = Vault XP percentage of total XP
 D = Non-vault monster count
 E = Vault monster count
 F = Vault count percentage of total count
                 A         B        C        D         E       F
            +---------+---------+-------+---------+---------+-------
      Total |    2607 |    4169 |  61.5 |     126 |      86 |  40.6
            +---------+---------+-------+---------+---------+-------
        D:1 |      46 |       0 |   0.0 |      27 |       0 |   0.0
        D:2 |      31 |       9 |  22.5 |       9 |       6 |  40.0
        D:3 |      76 |      37 |  32.7 |      20 |       6 |  23.1
        D:4 |     143 |      95 |  39.9 |      11 |       8 |  42.1
        D:5 |     408 |    1105 |  73.0 |      24 |       2 |   7.7
        D:6 |     560 |     433 |  43.6 |       7 |       7 |  50.0
        D:7 |     725 |    1646 |  69.4 |      21 |       7 |  25.0
        D:8 |     618 |     132 |  17.6 |       7 |       1 |  12.5
    Ossuary |       0 |     712 | 100.0 |       0 |      49 | 100.0
            +---------+---------+-------+---------+---------+-------
